 Dungeon Crawl Stone Soup version 0.21-a0-531-gacddea6 (webtiles) character file.

6 teukkam the Jinx (level 1, 0/17 HPs)
             Began as a Gnoll Wanderer on Dec 13, 2017.
             Slain by a hobgoblin (3 damage)
             ... on level 1 of the Dungeon.
             The game lasted 00:01:37 (242 turns).

teukkam the Jinx (Gnoll Wanderer)                    Turns: 242, Time: 00:01:38

Health: 0/17       AC:  2    Str: 14    XL:     1   Next: 90%
Magic:  1/1        EV:  8    Int: 14    God:
Gold:   9          SH:  8    Dex: 14    Spells: 0/0 levels left

rFire    . . .     SeeInvis .   d - +0 club
rCold    . . .     Gourm    .   a - +0 shield
rNeg     . . .     Faith    .   c - +0 robe
rPois    .         Spirit   .   (no helmet)
rElec    .         Reflect  .   (no cloak)
rCorr    .         Harm     .   (no gloves)
MR       .....                  (no boots)
Stlth    +.........             (no amulet)
HPRegen  0.05/turn              (no ring)
MPRegen  0.07/turn              (no ring)

@: no status effects
A: distributed training, fangs 1, strong nose
a: no special abilities


You were on level 1 of the Dungeon.
You were not hungry.

You visited 1 branch of the dungeon, and saw 1 of its levels.

You collected 9 gold pieces.

Inventory:

Hand Weapons
 d - a +0 club (weapon)
Missiles
 h - 5 tomahawks (quivered)
Armour
 a - a +0 shield (worn)
 c - a +0 robe (worn)
Potions
 e - a potion of cancellation {unknown}
Books
 b - the Reference Book on the Escort

   Spells                             Type                      Level
   a - Summon Small Mammal            Summoning                    1
   b - Recall                         Summoning/Translocation      3
Comestibles
 f - a bread ration
 g - 3 chunks of flesh


   Skills:
 + Level 2.4 Fighting
 + Level 0.1 Short Blades
 + Level 4.4 Long Blades
 + Level 0.1 Axes
 + Level 0.1 Maces & Flails
 + Level 0.1 Polearms
 + Level 0.1 Staves
 + Level 0.1 Slings
 + Level 0.1 Bows
 + Level 0.1 Crossbows
 + Level 2.4 Throwing
 + Level 0.1 Armour
 + Level 0.1 Dodging
 + Level 0.1 Stealth
 + Level 2.4 Shields
 + Level 0.1 Unarmed Combat
 + Level 0.1 Spellcasting
 + Level 0.1 Conjurations
 + Level 8.7 Hexes
 + Level 0.1 Charms
 + Level 0.1 Summonings
 + Level 0.1 Necromancy
 + Level 0.1 Translocations
 + Level 0.1 Transmutations
 + Level 0.1 Fire Magic
 + Level 0.1 Ice Magic
 + Level 0.1 Air Magic
 + Level 0.1 Earth Magic
 + Level 0.1 Poison Magic
 + Level 0.2 Invocations
 + Level 0.1 Evocations


You couldn't memorise any spells.
You didn't know any spells.

Dungeon Overview and Level Annotations

Branches:
Dungeon (1/15)

Altars:


Innate Abilities, Weirdness & Mutations

Your experience applies equally to all skills.
You have very sharp teeth.
Your uncanny sense of smell can sniff out nearby items.


Message History

The ooze quivers.
Found a scroll labeled AZXIER VUEJASS.
There is an open door here.
The hobgoblin shouts!
The hobgoblin hits you.
* * * LOW HITPOINT WARNING * * *
You see here a scroll labeled AZXIER VUEJASS.
You closely miss the hobgoblin. The hobgoblin hits you.
* * * LOW HITPOINT WARNING * * *
The ooze barely misses you.
A bat comes into view.
There is an open door here.
You closely miss the hobgoblin. You block the hobgoblin's attack.
You block the bat's attack. The bat barely misses you.
The bat hits you but does no damage. The bat hits you but does no damage.
You hit the bat.
The bat is heavily wounded.
The bat hits you but does no damage. The hobgoblin hits you.
You die...

.......?..# ∆ ########.## ##'##
##### ##...## ## ##...##
##.....## .. ##..<..##
##.......## .###.
#.......####.........####......
..⌠...⌠..##'...Jg....'...)...#
..........##....@....####...##
....⌠....⌠.##..†....## ..#
............##.....## .#
..⌠...⌠...⌠..##b..## #
..............##'##
⌠.......⌠......#.#
....⌠.......(..#.#
..............##.##
####.###########..##


You could see an ooze, a hobgoblin and a bat.

Vanquished Creatures
  A leopard gecko (D:1)
  A bat (D:1)
  A goblin (D:1)
  A kobold (D:1)
4 creatures vanquished.

Notes
Turn   | Place    | Note
-------+----------+-------------------------------------------
     0 | D:1      | teukkam the Gnoll Wanderer began the quest for the Orb.
     0 | D:1      | teukkam set off with: a +0 shield, the Reference Book on the Escort, a +0 robe, a +0 club, a bread ration
     0 | D:1      | Reached XP level 1. HP: 17/17 MP: 1/1
    29 | D:1      | Identified the Reference Book on the Escort
   242 | D:1      | Slain by a hobgoblin

Vault maps used:
D:1:      dpeg_arrival_lava_temple_mockup, serial_bayou_crossing

Action                   || total
-------------------------++-------
Melee: Club              ||    16
 Stab: Sleeping          ||     1
Armor: Robe              ||     8
Dodge: Dodged            ||     4
Block: Shield            ||     5

Table legend:
 A = Spawn XP
 B = Non-spawn XP
 C = Spawn XP percentage of total XP
 D = Spawn monster count
 E = Non-spawn monster count
 F = Spawn count percentage of total count
 G = Total turns spent on level
                    A         B        C        D         E        F      G
               +---------+---------+-------+---------+---------+-------+---------
         Total |       0 |       9 |   0.0 |       0 |       4 |   0.0 |   242
               +---------+---------+-------+---------+---------+-------+---------
           D:1 |       0 |       9 |   0.0 |       0 |       4 |   0.0 |   242
               +---------+---------+-------+---------+---------+-------+---------
